 Dungeon Crawl Stone Soup version 0.27-a0-650-g8dd3ea4f36 (webtiles) character file.

Game seed: 17328235219867371794

51 jasper the Shooter (level 3, 0/20 HPs)
             Began as a Deep Elf Arcane Marksman on Mar 15, 2021.
             Succumbed to an adder's poison
             ... on level 2 of the Dungeon.
             The game lasted 00:03:44 (2208 turns).

jasper the Shooter (Deep Elf Arcane Marksman)       Turns: 2208, Time: 00:03:45

Health: 0/20       AC:  3    Str:  7    XL:     3   Next: 57%
Magic:  7/7        EV: 12    Int: 18    God:
Gold:   79         SH:  0    Dex: 15    Spells: 3/5 levels left

rFire    . . .     SeeInvis .   a - +1 shortbow
rCold    . . .     Faith    .   (shield currently unavailable)
rNeg     . . .     Spirit   .   l - +0 leather armour
rPois    .         Reflect  .   (no helmet)
rElec    .         Harm     .   (no cloak)
rCorr    .         Rampage  .   (no gloves)
Will     .....                  (no boots)
Stlth    +.........             (no amulet)
HPRegen  0.06/turn              (no ring)
MPRegen  0.10/turn              (no ring)

@: confused, lethally poisoned (0 -> -8)
A: no striking features
a: no special abilities


You were on level 2 of the Dungeon.
You visited 1 branch of the dungeon, and saw 3 of its levels.

You collected 79 gold pieces.

Inventory:

Hand Weapons
 a - a +1 shortbow (weapon)
 g - a +0 short sword
Missiles
 b - 4 javelins
 c - 35 bolts
 d - 16 arrows (quivered ammo)
 h - 36 stones
 p - 8 atropa-tipped darts
Armour
 e - a +0 robe
 l - a +0 leather armour (worn)
Scrolls
 f - a scroll of identify
Potions
 m - 2 potions of attraction
 o - a potion of cancellation
 q - a potion of mutation


   Skills:
 - Level 0.7 Fighting
 + Level 5.3 Bows
 - Level 2.4 Dodging
 - Level 1.5 Spellcasting
 - Level 4.0 Hexes


You had 3 spell levels left.
You knew the following spells:

 Your Spells              Type           Power      Damage    Failure   Level
b - Slow                  Hex            15%        N/A       9%          2

Your spell library contained the following spells:

 Spells                   Type           Power      Damage    Failure   Level
 Corona                   Hex            16%        N/A       5%          1
 Inner Flame              Hex/Fire       8%         N/A       36%         3
 Portal Projectile        Hex/Tloc       16%        N/A       36%         3
 Cause Fear               Hex            7%         N/A       50%         4
 Leda's Liquefaction      Hex/Erth       4%         N/A       77%         4


Dungeon Overview and Level Annotations

Branches:
Dungeon (3/15)

Altars:
Sif Muna
Trog


Message History

As you read the scroll labelled DUSYEWU ONAH, it crumbles to dust.
You hear a loud clanging noise!
It was a scroll of noise.
The adder closely misses you.
Fire: 20 arrows
Press: ? - help, Q - select action, (/) - cycle Shift-Dir - straight line, f/p - adder
Aim: an adder (44% to hit)
You shoot an arrow. The arrow hits the adder.
The adder is lightly wounded.
The adder barely misses you.
Fire: 19 arrows
Press: ? - help, Q - select action, (/) - cycle Shift-Dir - straight line, f/p - adder
Aim: an adder (lightly wounded, 44% to hit)
You shoot an arrow. The arrow hits the adder.
The adder is heavily wounded.
You feel sick. The adder bites you.
* * * LOW HITPOINT WARNING * * *
You are more poisoned.
The adder poisons you! The adder misses you.
You take 6 damage, and have 2/20 hp.
MASSIVE DAMAGE!!
Fire: 18 arrows
Press: ? - help, Q - select action, (/) - cycle Shift-Dir - straight line, f/p - adder
Aim: an adder (heavily wounded, 44% to hit)
You shoot an arrow. The arrow closely misses the adder.
The adder barely misses you.
Fire: 17 arrows
Press: ? - help, Q - select action, (/) - cycle Shift-Dir - straight line, f/p - adder
Aim: an adder (heavily wounded, 44% to hit)
You shoot an arrow. The arrow hits the adder!
You kill the adder!
* * * LOW HITPOINT WARNING * * *
You feel sick.
You take 1 damage, and have 1/20 hp.
Fire: 16 arrows
Press: ? - help, Q - select action, (/) - cycle Shift-Dir - straight line, f - you Really target yourself?
Okay, then.
Okay, then.
You hear some strange, mumbled words.
You are confused.
You die...

... ##.#..........#..#### #.#
... #........#.......# #.# ...
#...........#.##.# #.# ...
#...############ # #.# ..#..
#..............#######.# ###.#
#.{............)_#.....# ..#.##
##>............###.....##
#.....##..###############......#
#.#....#(....(@# #..........# #
#.##.......##### #..........#
###.#..##....).######..........#
......##...#.#.................#
###..#....##.#.....#..........##
..........##........##........##
#.......####........#<.........#
#.....#...###.......#..........#
#.....###..........##..........#


There were no monsters in sight!

Vanquished Creatures
  An adder (D:2)
  A worm (D:2)
  2 dart slugs
  A leopard gecko (D:1)
  3 bats (D:2)
  A giant cockroach (D:2)
  5 goblins
  4 hobgoblins
  4 jackals (D:1)
  A quokka (D:2)
  A frilled lizard (D:1)
  3 kobolds (D:1)
  3 rats
30 creatures vanquished.

Notes
Turn   | Place    | Note
-------+----------+-------------------------------------------
     0 | D:1      | jasper the Deep Elf Arcane Marksman began the quest for the
                  | Orb.
     0 | D:1      | Reached XP level 1. HP: 11/11 MP: 5/5
   115 | D:1      | Reached skill level 3 in Bows
   680 | D:1      | Reached XP level 2. HP: 16/16 MP: 6/6
   683 | D:1      | Learned a level 2 spell: Slow
   806 | D:1      | Reached skill level 4 in Bows
  1562 | D:2      | Found a shimmering blue altar of Sif Muna.
  1594 | D:2      | Reached XP level 3. HP: 20/20 MP: 7/7
  1848 | D:2      | Found a bloodstained altar of Trog.
  1944 | D:2      | Reached skill level 5 in Bows
  2206 | D:2      | HP: 1/20 [poisoned by an adder]
  2208 | D:2      | Succumbed to an adder's poison

Illustrated notes

Levels and vault maps discovered:
D:1:      shiori_shiawase, layout_basic, grunt_decor_mini_mirrors
D:2:      layout_rooms, overflow_temple_1_default, lemuel_blue_sif_altar
D:3:      layout_rooms, xom_redecorated, st_stairs_8, serial_bayou_lake_a

Skill      XL: |  1  2  3 |
---------------+----------+-----
Bows           | 3 4 5 |  5.3
Fighting       | |  0.7
Dodging        | |  2.4
Spellcasting   | |  1.5
Hexes          | |  4.0

Action                   || total
-------------------------++-------
 Fire: Shortbow          ||    90
  Use: Scroll            ||     7
       Potion            ||     2
Armor: Robe              ||     6
       Leather armour    ||     6
Dodge: Dodged            ||    26

Table legend: (Time is in decaauts)
 A = Elapsed time spent in this place.
 B = Non-inter-level travel time spent in this place.
 C = Inter-level travel time spent in this place.
 D = Time resting spent in this place.
 E = Time spent auto-exploring this place.
 F = Levels seen in this place.
 G = Mean time per level.
                   A        B        C        D        E       F      G
               +--------+--------+--------+--------+--------+-----+--------+
         Total |   2216 |   2179 |     37 |    659 |   1187 |   3 |  738.7 |
       Dungeon |   2216 |   2179 |     37 |    659 |   1187 |   3 |  738.7 |
               +--------+--------+--------+--------+--------+-----+--------+

Top non-repeatable levels by time:
     D:1: 1468 daAuts
     D:2: 746 daAuts
     D:3: 1 daAuts
